 Dungeon Crawl Stone Soup version 0.16.1-11-g651b585 (webtiles) character file.

10326 Zugr the Grappler (level 11, -13/89 HPs)
             Began as a Minotaur Fighter on Mar 30, 2015.
             Was an Elder of Cheibriados.
             Engulfed by a cloud of flame (26 damage)
             ... on level 10 of the Dungeon.
             The game lasted 00:40:43 (11441 turns).

Zugr the Grappler (Minotaur Fighter)               Turns: 11441, Time: 00:40:43

Health: -13/89     AC: 13    Str: 33    XL:     11   Next: 34%
Magic:  4/4        EV: 15    Int: 14    God:    Cheibriados [****..]
Gold:   1111       SH:  0    Dex: 22    Spells: 0 memorised, 10 levels left

rFire  . . .     SeeInvis .     M - +14 plutonium sword {Contam Stlth-}
rCold  . . .     Clarity  .     i - +0 chain mail
rNeg   . . .     SustAb   .     (no shield)
rPois  +         Gourm    .     (helmet restricted)
rElec  .         Spirit   .     V - +0 cloak
rCorr  .         Warding  .     m - +1 pair of gloves {Str+3}
rMut   .         Stasis   .     (no boots)
MR     .....                    (no amulet)
Stlth  ..........               e - ring of flight
                                v - ring of poison resistance

@: very slow, not resistant to hostile enchantments, extremely unstealthy
A: retaliatory headbutt, horns 2
a: Bend Time, Temporal Distortion, Slouch, Renounce Religion, Evoke Flight


You were on level 10 of the Dungeon.
You worshipped Cheibriados.
Cheibriados was greatly pleased with you.
You were not hungry.

You visited 3 branches of the dungeon, and saw 12 of its levels.
You also visited: Bailey.

You collected 1111 gold pieces.

Inventory:

Hand weapons
 H - the +5 great mace "Spiderslayer" {flame, MR+ Str-2 Int+6 Stlth-}
   (You found it on level 8 of the Dungeon)

   It has been specially enchanted to burn those struck by it, causing extra
   injury to most foes and up to half again as much damage against particularly
   susceptible opponents.
   It affects your strength (-2).
   It affects your intelligence (+6).
   It affects your resistance to hostile enchantments.
   It makes you less stealthy.
 M - the +14 plutonium sword (weapon) {Contam Stlth-}
   (You found it in a bailey)

   It causes magical contamination when unequipped.
   It makes you less stealthy.
 O - the cursed +2 blowgun of Bankruptcy {evade, -Cast Str+6, unknown}
   (You took it off a kobold in a bailey)

   It affects your evasion (+5 to EV).
   It affects your strength (+6).
   It prevents spellcasting.
   It has a curse placed upon it.
Missiles
 E - 27 tomahawks of returning (quivered)
Armour
 c - a +0 shield
 i - a +0 chain mail (worn)
 m - a +1 pair of gloves of strength (worn)
 V - a +0 cloak (worn)
Jewellery
 e - a ring of flight (right hand)
 v - a ring of poison resistance (left hand)
 Q - a cursed ring of teleportation
Magical devices
 t - a wand of slowing (25)
 G - a wand of digging (8)
 J - a wand of draining (3)
 K - a wand of cold (4)
 R - a wand of magic darts (32)
 T - a wand of paralysis (11)
Scrolls
 o - 7 scrolls of remove curse
 q - 6 scrolls of recharging {unknown}
 w - 7 scrolls of teleportation
 x - a scroll of immolation
 y - 2 scrolls of random uselessness {unknown}
 B - 2 scrolls of fear
 D - 3 scrolls of enchant armour {unknown}
 I - a scroll of magic mapping
 P - a scroll of noise {unknown}
 S - a scroll of amnesia
 U - a scroll of summoning {unknown}
 W - a scroll of identify
Potions
 f - a potion of poison {unknown}
 g - 3 potions of brilliance
 h - 4 potions of curing
 j - 3 potions of restore abilities
 p - 2 potions of heal wounds
 r - 3 potions of agility
 s - 2 potions of invisibility
 u - a potion of beneficial mutation
 z - 4 potions of ambrosia
 A - 3 potions of magic
 C - a potion of mutation
 F - a potion of haste
 L - a potion of might
Books
 b - a book of Party Tricks

   Spells                             Type                      Level
   a - Summon Butterflies             Summoning                    1
   b - Apportation                    Translocation                1
   c - Tukima's Dance                 Hexes                        3
   d - Alistair's Intoxication        Transmutation/Poison         4
   e - Invisibility                   Hexes                        6
Miscellaneous
 N - a fan of gales
Comestibles
 a - 8 bread rations
 d - 2 slices of pizza
 k - 3 meat rations
 l - 2 beef jerkies
 n - 4 royal jellies
 X - a chunk of flesh


   Skills:
 - Level 6.2 Fighting
 * Level 10.9 Long Blades
 - Level 6.1 Armour
 - Level 7.4 Dodging
 - Level 7.2 Shields
 - Level 12.3 Unarmed Combat


You had 10 spell levels left.
You didn't know any spells.

Dungeon Overview and Level Annotations

Branches:
Dungeon (10/15)            Temple (1/1) D:4            Lair (1/8) D:9
    Orc: D:9-12

Altars:
Ashenzari
Cheibriados
Dithmenos
Elyvilon
Fedhas
Gozag
Kikubaaqudgha
Makhleb
Nemelex Xobeh
Okawaru
Qazlal
Ru
Sif Muna
Trog
Vehumet
Xom
Yredelemnul
Zin
The Shining One

Shops:
D:5 *

Annotations:
D:5 Grinder


Innate Abilities, Weirdness & Mutations

You reflexively headbutt those who attack you in melee.
You have a pair of horns on your head.


Message History

You kill the gnoll!
Cheibriados appreciates the change of pace.
Cheibriados thoroughly appreciates the change of pace.
The fiery explosion engulfs the gnoll sergeant.
The gnoll sergeant explodes!
Cheibriados appreciates the change of pace.
Cheibriados thoroughly appreciates the change of pace.
The fiery explosion engulfs the centaur.
The centaur explodes!
The fiery explosion engulfs the kobold.
The kobold explodes!
Cheibriados appreciates the change of pace.
The fiery explosion engulfs you!
Cheibriados thoroughly appreciates the change of pace.
Cheibriados appreciates the change of pace.
The fiery explosion engulfs you!
* * * LOW HITPOINT WARNING * * *
Cheibriados appreciates the change of pace.
You are engulfed in roaring flames.
You die...

#..# #..# #..#
#..# #..# #..#
######## #..#
##[..§§§###..#
#..%(§§§§§@..#
#...%.§§§§§##.#
.....%...§##.#
....%.%.§§##.#
...%.<....# .#
......%..# .#
....%..## ..
....... #. ..=.


There were no monsters in sight!

Vanquished Creatures
  Pikel (D:6)
  A manticore (D:10)
  An oklob plant (D:8)
  Maurice (D:9)
  2 gargoyles
  3 komodo dragons (Lair:1)
  A spiny frog (Lair:1)
  The ghost of ZiggyStardust the Ruffian, an average TrTm of Makhleb (D:4)
  The ghost of Fanu the Chiller, an experienced DEIE of Vehumet (D:5)
  A polar bear (Lair:1)
  A troll (D:10)
  4 blink frogs (Lair:1)
  A deep elf mage (D:9)
  A water moccasin (Lair:1)
  Edmund (D:5)
  2 phantoms
  2 porcupines (Lair:1)
  3 sky beasts
  3 black bears
  5 orc warriors
  An ice beast (D:10)
  A centaur (D:10)
  A necrophage (D:6)
  2 ogres
  3 crocodiles (Lair:1)
  Duvessa (D:6)
  A gnoll sergeant (D:10)
  Blork the orc (D:4)
  5 giant frogs
  6 killer bees (D:9)
  3 wights (D:7)
  5 scorpions
  A goliath beetle (D:9)
  Dowan (D:6)
  A crimson imp (D:5)
  3 jellies
  3 centaur zombies
  A centaur skeleton (D:9)
  7 hounds
  7 worker ants
  3 giant frog skeletons
  2 orc priests (D:7)
  4 orc wizards
  7 iguanas
  Natasha (thrice) (D:5)
  A killer bee zombie (D:8)
  Ijyb (D:4)
  A hound zombie (D:7)
  2 mummies
  12 gnolls
  5 river rats (Lair:1)
  3 worker ant zombies
  13 adders
  A shadow imp (D:5)
  2 worms
  An adder skeleton (D:6)
  An adder zombie (D:7)
  6 giant geckos
  An ooze (D:3)
  19 orcs
  5 ball pythons (D:2)
  12 bats
  A bat skeleton (D:6)
  5 giant cockroaches
  13 hobgoblins
  23 kobolds
  7 quokkas
  9 giant newts
  A giant spore (D:8)
  21 goblins
  7 jackals
  18 rats
  3 ballistomycetes (D:8)
303 creatures vanquished.

Vanquished Creatures (others)
  3 slaves (D:6)
  An ogre (D:6)
  An orc wizard (D:6)
  A gnoll (D:6)
  A giant gecko (D:6)
  A quokka (D:6)
8 creatures vanquished.

Grand Total: 311 creatures vanquished

Notes
Turn   | Place    | Note
--------------------------------------------------------------
     0 | D:1      | Zugr, the Minotaur Fighter, began the quest for the Orb.
     0 | D:1      | Reached XP level 1. HP: 19/19 MP: 1/1
   167 | D:1      | Reached XP level 2. HP: 24/26 MP: 1/1
   896 | D:2      | Reached XP level 3. HP: 28/31 MP: 2/2
   968 | D:2      | Reached skill level 4 in Unarmed Combat
  1016 | D:2      | Found a bloodstained altar of Trog.
  1132 | D:2      | Reached XP level 4. HP: 32/39 MP: 2/2
  1232 | D:2      | Reached skill level 5 in Unarmed Combat
  2229 | D:3      | Reached XP level 5. HP: 45/45 MP: 2/2
  2571 | D:4      | Reached skill level 6 in Unarmed Combat
  2799 | D:4      | Noticed Blork the orc
  2831 | D:4      | Killed Blork the orc
  2831 | D:4      | Reached skill level 7 in Unarmed Combat
  2831 | D:4      | Reached XP level 6. HP: 40/51 MP: 3/3
  2907 | D:4      | Noticed ZiggyStardust's ghost (average TrTm)
  3003 | D:4      | Killed ZiggyStardust's ghost
  3003 | D:4      | Reached skill level 8 in Unarmed Combat
  3003 | D:4      | Reached XP level 7. HP: 57/57 MP: 3/3
  3026 | D:4      | Found a burning altar of Makhleb.
  3034 | D:4      | Noticed Ijyb
  3043 | D:4      | Killed Ijyb
  3117 | D:4      | Found a staircase to the Ecumenical Temple.
  3133 | Temple   | Entered the Ecumenical Temple
  3613 | D:4      | Noticed an ogre
  3658 | D:5      | Entered Level 5 of the Dungeon
  3658 | D:5      | Noticed Grinder
  3665 | D:4      | Reached skill level 9 in Unarmed Combat
  3715 | D:5      | Noticed Natasha
  3794 | D:5      | Found Bro Soh's General Store.
  4081 | D:5      | Killed Natasha
  4130 | D:5      | Noticed Natasha
  4142 | D:5      | Killed Natasha
  4261 | D:5      | Noticed Edmund
  4266 | D:5      | Killed Edmund
  4266 | D:5      | Reached skill level 10 in Unarmed Combat
  4356 | D:5      | Reached XP level 8. HP: 34/64 MP: 3/3
  4525 | D:5      | Noticed Fanu's ghost (experienced DEIE)
  4545 | D:5      | Killed Fanu's ghost
  4545 | D:5      | Reached skill level 11 in Unarmed Combat
  4829 | D:5      | Noticed Natasha
  4846 | D:5      | Killed Natasha
  5036 | D:6      | Noticed Pikel
  5049 | D:6      | Killed Pikel
  5153 | D:6      | Reached skill level 5 in Fighting
  5195 | D:6      | Reached XP level 9. HP: 69/74 MP: 4/4
  5208 | D:6      | Reached skill level 5 in Shields
  5944 | D:6      | Noticed Dowan
  5950 | D:6      | Killed Dowan
  5951 | D:6      | Noticed Duvessa
  5963 | D:6      | Killed Duvessa
  6250 | D:7      | Found a snail-covered altar of Cheibriados.
  6270 | D:7      | Found an iron altar of Okawaru.
  6449 | D:7      | Reached skill level 12 in Unarmed Combat
  6888 | D:7      | Reached skill level 5 in Dodging
  7219 | D:7      | Became a worshipper of Cheibriados the Contemplative
  7460 | D:8      | Noticed a gargoyle
  7482 | D:8      | Killed a gargoyle
  7613 | D:8      | Found a flagged portal.
  7624 | D:8      | Got a polished great mace
  7635 | Bailey   | Entered a bailey
  7644 | Bailey   | Identified the +5 great mace "Spiderslayer" {flame, MR+ Str-2 Int+6 Stlth-} (You found it on level 8 of the Dungeon)
  7725 | Bailey   | Reached XP level 10. HP: 81/83 MP: 4/4
  7739 | Bailey   | Acquired Cheibriados' first power
  7852 | Bailey   | Found an iron altar of Okawaru.
  7953 | Bailey   | Got a faintly glowing blowgun
  8174 | D:8      | Noticed an oklob plant
  8174 | D:8      | a ballistomycete changed into an oklob plant
  8177 | D:8      | Killed an oklob plant
  8637 | D:9      | Found a stormy altar of Qazlal.
  8647 | D:9      | Reached skill level 5 in Armour
  8860 | D:9      | Noticed Maurice
  8864 | D:9      | Killed Maurice
  9052 | D:9      | Reached skill level 5 in Long Blades
  9207 | D:9      | Found a staircase to the Lair.
  9592 | Lair:1   | Entered Level 1 of the Lair of Beasts
  9761 | Lair:1   | Acquired Cheibriados' second power
 10388 | Lair:1   | Reached XP level 11. HP: 83/89 MP: 4/4
 10784 | Lair:1   | Got an ichor-stained chain mail
 10795 | Lair:1   | Identified the +8 chain mail of the Lies {-Tele Regen+ rCorr Str-3 Int+5} (You found it on level 1 of the Lair of Beasts)
 11072 | Lair:1   | Reached skill level 10 in Long Blades
 11227 | D:10     | Entered Level 10 of the Dungeon
 11270 | D:10     | Acquired Cheibriados' third power
 11441 | D:10     | Engulfed by a cloud of flame

Action                   |  1- 3 |  4- 6 |  7- 9 | 10-12 || total
-------------------------+-------+-------+-------+-------++-------
Melee: Unarmed           |   112 |   152 |   381 |    25 ||   670
       Triple sword      |       |       |       |   146 ||   146
Throw: Stone             |       |       |       |    14 ||    14
       Tomahawk          |       |       |       |    10 ||    10
 Abil: Evoke Flight      |       |       |     1 |     1 ||     2
Evoke: Wand              |       |       |     2 |       ||     2
  Use: Scroll            |       |    11 |     6 |     3 ||    20
       Potion            |       |     2 |     3 |       ||     5
  Eat: Chunk             |     1 |     6 |     9 |     5 ||    21
       Meat ration       |       |       |     2 |       ||     2
